 Dungeon Crawl Stone Soup version 0.30.0-5-g1a98f26d00 (webtiles) character file.

Game seed: 11680163792878454492

58 SnakkuSnakku7 the Grasshopper (level 3, -1/32 HPs)
             Began as an Armataur Warper on May 8, 2023.
             Was an Initiate of Okawaru.
             Killed from afar by Natasha (7 damage)
             ... with a magic dart
             ... on level 2 of the Dungeon.
             The game lasted 00:01:16 (1133 turns).

SnakkuSnakku7 the Grasshopper (Armataur Warper)     Turns: 1133, Time: 00:01:17

Health: -1/32      AC:  6    Str: 18    XL:     3   Next: 76%
Magic:  5/5        EV:  7    Int: 13    God:    Okawaru [......]
Gold:   88         SH:  0    Dex:  9    Spells: 5/5 levels left

rFire   . . .        a - +0 battleaxe
rCold   . . .        (shield currently unavailable)
rNeg    . . .        h - +0 scale mail
rPois   .            (no helmet)
rElec   .            (no cloak)
rCorr   .            (no gloves)
SInv    .            (no barding)
Will    .....        (no amulet) Stlth
                     (no ring)
HPRegen 0.25/turn    (no ring)
MPRegen 0.09/turn

%: roll
@: no status effects
A: large, rugged brown scales 3, deformed body, armoured tail, roll, long
tongue, awkward tongue
a: Renounce Religion


You were on level 2 of the Dungeon.
You worshipped Okawaru.
Okawaru was noncommittal.
You visited 1 branch of the dungeon, and saw 2 of its levels.

You collected 88 gold pieces.

Inventory:

Hand Weapons
 a - a +0 battleaxe (weapon)
 i - a +0 hand axe
Missiles
 d - 7 boomerangs of dispersal (quivered)
Armour
 b - a +0 leather armour
 h - a +0 scale mail (worn)
Jewellery
 g - a ring of see invisible
Scrolls
 e - 4 scrolls of identify {unknown}
 f - a scroll of fear {unknown}
 k - a scroll of magic mapping {unknown}
 l - a scroll of poison {unknown}
Potions
 j - a potion of invisibility {unknown}
 m - a potion of flight {unknown}


   Skills:
 + Level 2.9 Fighting
 + Level 2.6 Axes
 - Level 0.8 Throwing
 - Level 1.2 Armour
 - Level 1.3 Dodging
 - Level 1.7 Spellcasting
 - Level 3.0 Translocations


You had 5 spell levels left.
You didn't know any spells.
Your spell library contained the following spells:

 Spells                   Type           Power      Damage    Failure   Level
 Blink                    Tloc           16%        N/A       36%         2
 Lesser Beckoning         Tloc           16%        N/A       36%         2
 Teleport Other           Tloc           8%         N/A       58%         3
 Vhi's Electric Charge    Tloc/Air       10%        N/A       80%         3
 Manifold Assault         Tloc           8%         N/A       94%         4


Dungeon Overview and Level Annotations

Branches:
Dungeon (2/15)

Altars:
Okawaru

Annotations:
D:2 Natasha


Innate Abilities, Weirdness & Mutations

You are completely covered in rugged brown scales. (AC +3, +7% HP)
Armour fits poorly on your strangely shaped body.
You have a long armoured tail.
You roll when moving toward enemies. (Rampage)
Your long tongue fully drains potion bottles. (2x potion effects)
Your tongue gives you trouble enunciating. (1.5x scroll delay)


Message History

You slash Natasha!
You kill Natasha!
Okawaru accepts your kill.
Natasha yowls pathetically as she dies!
The cerulean imp disappears in a puff of smoke!
Unknown command.
You see here the felid corpse of Natasha.
m - a pink potion You see here a dart slug corpse.
Natasha, Servant of Life and Death comes into view.
Natasha is nearby!
Natasha hisses angrily.
Natasha claws you but does no damage.
You closely miss Natasha.
Your tail-slap misses Natasha.
Natasha howls an incantation.
You feel troubled. Natasha claws you but does no damage.
Natasha casts a spell at you. The magic dart hits you.
You miss Natasha.
Natasha stares at you and mumbles some strange words.
The magic dart hits you but does no damage.
You barely miss Natasha. Natasha closely misses you.
Natasha completely misses you.
You hit Natasha but do no damage.
Your tail-slap misses Natasha.
Natasha claws you.
You barely miss Natasha. Natasha claws you. Natasha claws you!
You are too injured to fight recklessly!
You are too injured to fight recklessly!
You barely miss Natasha. Natasha claws you!
* * * LOW HITPOINT WARNING * * *
Natasha closely misses you.
You barely miss Natasha. Natasha completely misses you.
Unknown command.
Blink to where?
Press: ? - help, Dir - move target As you slowly read the scroll of blinking, it crumbles to dust.
Natasha stares at you and mumbles some strange words.
The magic dart hits you!
You die...

........##.## ##.#########.....
........[#.h###>...........###.
.........)†.......########.# #.
.....#.###...##..#########.###.
..............#..............#.
.....#.####.....†...###........
.....#..............#.#......#.
.$.. ###.......##..#.⌠.#.....#.
... ##.....@#....#.#......#(
##........#..###......#.
.....#..##............#.
#........##<..##.......##
...##<##.......##.......# .##
#.#...............###
##...##.)..........#
###..................#
.########.(.########.........#


You could see Natasha.

Vanquished Creatures
  Natasha (D:2)
  2 worms (D:2)
  3 dart slugs (D:2)
  2 ball pythons (D:2)
  5 endoplasms
  3 goblins
  A quokka (D:1)
  2 bats (D:2)
  A kobold (D:1)
  2 rats (D:2)
22 creatures vanquished.

Notes
Turn   | Place    | Note
-------+----------+-------------------------------------------
     0 | D:1      | SnakkuSnakku7 the Armataur Warper began the quest for the
                  | Orb.
     0 | D:1      | Reached XP level 1. HP: 18/18 MP: 3/3
   815 | D:2      | Found an iron altar of Okawaru.
   822 | D:2      | Became a worshipper of Warmaster Okawaru
   840 | D:2      | Reached XP level 2. HP: 14/25 MP: 4/4
   941 | D:2      | Reached XP level 3. HP: 15/32 MP: 5/5
  1088 | D:2      | Noticed Natasha
  1093 | D:2      | Killed Natasha
  1122 | D:2      | Noticed Natasha
  1133 | D:2      | Killed from afar by Natasha

Illustrated notes

Levels and vault maps discovered:
D:1:      dpeg_arrival_rhombi, layout_basic
D:2:      layout_rooms, basic_altar, grunt_decor_junction,
          grunt_decor_one_mirror, uniq_crazy_yiuf_cottage, uniq_natasha

Skill      XL: |  1 |
---------------+----+-----
Fighting       | 2 |  2.9
Axes           | 2 |  2.6
Throwing       | |  0.8
Armour         | |  1.2
Dodging        | |  1.3
Spellcasting   | |  1.7
Translocations | |  3.0

Action                     || total
---------------------------++-------
  Melee: Hand axe          ||    16
         Battleaxe         ||    36
         Tailslap          ||     8
    Use: Scroll            ||     1
 Armour: Leather armour    ||     4
         Scale mail        ||    20
  Dodge: Dodged            ||    20
